 Dungeon Crawl Stone Soup version 0.28-a0-1518-gbe868bca14 (webtiles) character file.

Game seed: 2753118639209555196

1 horus123 the Cudgeller (level 1, -1/21 HPs)
             Began as a Naga Monk on Jan 17, 2022.
             Slain by a jackal (3 damage)
             ... on level 1 of the Dungeon.
             The game lasted 00:01:09 (152 turns).

horus123 the Cudgeller (Naga Monk)                   Turns: 152, Time: 00:01:09

Health: -1/21      AC:  1    Str: 13    XL:     1   Next: 20%
Magic:  1/1        EV: 10    Int: 10    God:
Gold:   0          SH:  0    Dex: 13    Spells: 0/0 levels left

rFire   . . .      SeeInvis +   a - +0 mace
rCold   . . .      Faith    .   (no shield)
rNeg    . . .      Spirit   .   b - +0 robe
rPois   +          Reflect  .   (no helmet)
rElec   .          Harm     .   (no cloak)
rCorr   .          Rampage  .   (no gloves)
Will    .....                   (no barding)
Stlth   ++........              (no amulet)
HPRegen 0.07/turn               (no ring)
MPRegen 0.07/turn               (no ring)

@: short of breath, very slow
A: AC +0, large, see invisible, deformed body, poison resistance, slowness 2,
spit poison 1, naga tail 1
a: Spit Poison


You were on level 1 of the Dungeon.
You visited 1 branch of the dungeon, and saw 1 of its levels.

Inventory:

Hand Weapons
 a - a +0 mace (weapon)
Armour
 b - a +0 robe (worn)


   Skills:
 - Level 3.0 Fighting
 + Level 3.1 Maces & Flails
 - Level 2.4 Dodging
 - Level 3.0 Stealth


You couldn't memorise any spells.
You didn't know any spells.
Your spell library was empty.

Dungeon Overview and Level Annotations

Branches:
Dungeon (1/15)

Altars:


Innate Abilities, Weirdness & Mutations

Your serpentine skin is tough. (AC +0)
You have supernaturally acute eyesight. (SInv)
Armour fits poorly on your strangely shaped body.
Your system is resistant to poisons. (rPois)
You cover ground very slowly.
You can spit poison.
You have a snake-like lower body.


Message History

The bat hits you. The jackal closely misses you. The bat hits you.
The jackal misses you. The bat misses you. The jackal bites you.
The bat hits you. x2; The jackal bites you.
The jackal bites you. x2
The bat closely misses you. The bat hits you but does no damage.
You barely miss the bat. The bat barely misses you.
You completely miss the bat. The bat barely misses you.
The bat closely misses you. The bat hits you.
You barely miss the bat. The bat hits you but does no damage.
The jackal bites you.
The jackal barks!
You hit the jackal.
The jackal is heavily wounded.
The jackal barely misses you. The jackal bites you.
You hit the jackal.
You kill the jackal!
The bat closely misses you. The bat hits you but does no damage.
The jackal bites you.
* * * LOW HITPOINT WARNING * * *
The bat misses you.
The jackal bites you but does no damage.
You see here a jackal corpse.
You miss the jackal. The bat misses you. The jackal bites you.
* * * LOW HITPOINT WARNING * * *
The bat barely misses you. The bat hits you.
* * * LOW HITPOINT WARNING * * *
The jackal bites you.
* * * LOW HITPOINT WARNING * * *
The bat barely misses you. The jackal bites you.
* * * LOW HITPOINT WARNING * * *
The bat barely misses you.
You see here a jackal corpse.
Aiming: Spit Poison (3% risk of failure)
Press: ? - help, Shift-Dir - straight line, f - jackal
Aim: a jackal (43% to hit)
The splash of poison misses the jackal.
The bat barely misses you. The jackal bites you.
You die...

.......
..........
........+#
.........
.......# .....#
#+##....#
#.@h[...###
###b......##
#........h
###...#....
#.....# ...
##...###h...
#...........
###+#......$....
#...............


You could see a jackal and a bat.

Vanquished Creatures
  A jackal (D:1)
1 creature vanquished.

Notes
Turn   | Place    | Note
-------+----------+-------------------------------------------
     0 | D:1      | horus123 the Naga Monk began the quest for the Orb.
     0 | D:1      | Reached XP level 1. HP: 21/21 MP: 1/1
   152 | D:1      | Slain by a jackal

Illustrated notes

Levels and vault maps discovered:
D:1:      lightli_arrival_windingriver, layout_basic,
          chequers_ecumenical_altar_simple, chequers_jeans,
          chequers_serial_rivers_large_b, kennysheep_another_room,
          amethyst_killhole, minmay_ruptured

Action                   || total
-------------------------++-------
Melee: Mace              ||     6
 Abil: Spit Poison       ||     2
Armor: Robe              ||     6
Dodge: Dodged            ||    17

Table legend: (Time is in decaauts)
 A = Elapsed time spent in this place.
 B = Non-inter-level travel time spent in this place.
 C = Inter-level travel time spent in this place.
 D = Time resting spent in this place.
 E = Time spent auto-exploring this place.
 F = Levels seen in this place.
 G = Mean time per level.
                   A        B        C        D        E       F      G
               +--------+--------+--------+--------+--------+-----+--------+
         Total |    173 |    173 |      0 |    100 |     42 |   1 |  173.0 |
       Dungeon |    173 |    173 |      0 |    100 |     42 |   1 |  173.0 |
               +--------+--------+--------+--------+--------+-----+--------+

Top non-repeatable levels by time:
     D:1: 173 daAuts
